[Event "Titled Tuesday Blitz June 6 Late 2023"]
[White "Mamedov, Rauf"]
[Black "Skatchkov, Pavel"]
[WhiteFideId "13401653"]
[BlackFideId "4121848"]
[WhiteElo "2635"]
[BlackElo "2476"]
[Result "1/2-1/2"]
[Round "2"]
[TimeControl "180+2"]
[Date "2023.06.07"]
[WhiteClock "0:00:56"]
[BlackClock "0:00:13"]
[Board "5"]

1. e4 e5 2. Nf3 d5 3. exd5 e4 4. Qe2 Nf6 5. d3 Qxd5 6. dxe4 Qxe4 7. Nc3 Bb4 8. Bd2 Qxe2+ 9. Bxe2 O-O 10. a3 Bc5 11. Na4 Bd6 12. O-O-O Nc6 13. h3 Be6 14. Be3 h6 15. Nc5 Bc8 16. Bb5 Ne7 17. Nb3 Bf5 18. Nfd4 Be4 19. f3 Bh7 20. Bc4 Ned5 21. Bd2 a6 22. Na5 b5 23. Bb3 c5 24. Bxd5 Nxd5 25. Ndc6 Bf4 26. Ne7+ Nxe7 27. Bxf4 Rfd8 28. Bd6 Nf5 29. Bxc5 Rdc8 30. b4 Ne3 31. Rd2 Re8 32. Re1 Nxc2 33. Rxe8+ Rxe8 34. Rd6 Nxa3 35. Rxa6 Bd3 36. Kd2 Bf1 37. g4 Nc4+ 38. Nxc4 Bxc4 39. Be3 Rd8+ 40. Ke1 Rd3 41. Kf2 Rb3 42. h4 Rxb4 43. h5 Rb3 44. Ra8+ Kh7 45. Rb8 Rd3 46. Rb7 Rd6 47. Kg3 Rf6 48. f4 Re6 49. Bd4 Re4 50. Be5 Re3+ 51. Kf2 Rf3+ 52. Kxf3 Bd5+ 53. Kg3 Bxb7 54. g5 b4 55. Bb2 Be4 56. Kh4 Bf3 57. Bd4 b3 58. Bb2 Kg8 59. f5 hxg5+ 60. Kxg5 f6+ 61. Kh4 Kh7 62. Bc3 Kh6 63. Bd2+ Kh7 64. Bc1 Bd1 65. Bb2 Kg8 66. Bc3 Kf7 67. Bb2 Ke7 68. Bc3 Bc2 69. Kg4 Bd1+ 70. Kh4 Kf7 71. Bb2 Kg8 72. Bc1 Kh7 73. Bb2 Be2 74. Bc1 Bd1 1/2-1/2


[Site "https://www.chess.com"]

[Event "Titled Tuesday Blitz June 6 Late 2023"]
[White "Gomez Ledo, Roberto Carlos"]
[Black "Sarana, Alexey"]
[WhiteFideId "3507076"]
[BlackFideId "24133795"]
[WhiteElo "2378"]
[BlackElo "2714"]
[Result "0-1"]
[Round "2"]
[TimeControl "180+2"]
[Date "2023.06.07"]
[WhiteClock "0:00:01"]
[BlackClock "0:01:00"]
[Board "6"]

1. d4 Nf6 2. Bf4 d5 3. e3 c5 4. c3 Nc6 5. Nd2 e6 6. Ngf3 Bd6 7. Bg3 O-O 8. Bd3 Qe7 9. Ne5 Nd7 10. Nxd7 Qxd7 11. Bxd6 Qxd6 12. dxc5 Qe7 13. b4 Rd8 14. O-O e5 15. Bb5 Bf5 16. Nf3 Qf6 17. a3 Bg4 18. Be2 Bxf3 19. Bxf3 e4 20. Be2 Qxc3 21. Qc1 Qf6 22. Rd1 d4 23. b5 d3 24. Bxd3 Rxd3 25. bxc6 bxc6 26. Rb1 Rad8 27. Rxd3 exd3 28. Qd2 h5 29. h3 Qe6 30. Rb4 Qe5 31. Rb3 Qa1+ 32. Kh2 Qf1 33. Rb2 Rd5 34. Qb4 Qc1 35. Qd2 Qxc5 36. e4 Rd4 37. Qf4 Qe7 38. Rb8+ Kh7 39. Qf5+ g6 40. Qc8 Qe5+ 41. g3 Qg7 42. e5 d2 43. e6 fxe6 44. Rb7 d1=Q 45. Rxg7+ Kxg7 46. Qxe6 Rd7 0-1


[Site "https://www.chess.com"]

[Event "Titled Tuesday Blitz June 6 Late 2023"]
[White "Eugene, Floryan"]
[Black "Bluebaum, Matthias"]
[WhiteFideId "20694784"]
[BlackFideId "24651516"]
[WhiteElo "2369"]
[BlackElo "2639"]
[Result "1/2-1/2"]
[Round "2"]
[TimeControl "180+2"]
[Date "2023.06.07"]
[WhiteClock "0:00:08"]
[BlackClock "0:00:15"]
[Board "7"]

1. d4 d5 2. c4 e6 3. Nf3 Nf6 4. Nc3 Bb4 5. cxd5 exd5 6. Bg5 h6 7. Bh4 O-O 8. e3 Bf5 9. Qb3 Bxc3+ 10. bxc3 Nbd7 11. Be2 c5 12. O-O c4 13. Qxb7 Qb6 14. Qxb6 axb6 15. Nd2 Ra3 16. e4 Bxe4 17. Nxe4 Nxe4 18. Be7 Nxc3 19. Bf3 Rfa8 20. Bxa3 Rxa3 21. Rfc1 b5 22. Rc2 b4 23. Re1 Nf6 24. Re3 b3 25. Rexc3 bxc2 26. Rxc2 g5 27. h3 Kg7 28. Kf1 h5 29. Be2 Kg6 30. g3 Kf5 31. Bxh5 Ke4 32. Bxf7 Kxd4 33. Bg6 Kc5 34. Bf7 Ra7 35. Be6 Re7 36. Bf5 d4 37. h4 gxh4 38. gxh4 Kb4 39. Rd2 d3 40. Bxd3 Kc3 41. Re2 Ra7 42. Bf5 Kd4 43. Rd2+ Ke5 44. Bg6 c3 45. Rc2 Kd4 46. h5 Ng4 47. Re2 Nh6 48. Ke1 Rb7 49. Kd1 Rb8 50. Kc1 Rb6 51. Re4+ Kd5 52. Re3 Kd4 53. Rd3+ Kc4 54. Rf3 Kd4 55. Rf4+ Kd5 56. a4 Rb2 57. Rf3 Kd4 58. Rd3+ Kc4 59. Rf3 Kd4 60. Bc2 Ra2 61. Rf4+ Kc5 62. Rf6 Ng4 63. Rf5+ Kd6 64. a5 Ne5 65. a6 Nc6 66. Rf3 Nd4 67. Rxc3 Ne2+ 68. Kd2 Nxc3 69. Kxc3 Rxa6 70. h6 Ke5 71. h7 Ra8 72. Kd2 Kf6 73. Ke3 Kg7 74. Be4 Re8 75. Kf4 Rf8+ 76. Ke3 Rc8 77. f3 Rc3+ 78. Kf4 Ra3 79. Kg5 Ra5+ 80. Bf5 Ra1 81. f4 Rg1+ 82. Kh4 Rg2 83. Be4 Rg1 84. Kh5 Re1 85. Bd3 Re3 86. Bf5 Rg3 87. Kh4 Rg1 88. Be4 Rd1 89. Kg5 Rg1+ 90. Kh4 Re1 91. Bf5 Ra1 92. Kg4 Rf1 93. Bd3 Rg1+ 94. Kf3 Rd1 95. Ke3 Ra1 96. Be4 Rf1 97. Bd3 Rxf4 98. Kxf4 Kh8 99. Kg5 Kg7 100. Kh5 Kh8 101. Be4 Kg7 102. Kg5 Kh8 103. Kh6 1/2-1/2


[Site "https://www.chess.com"]

[Event "Titled Tuesday Blitz June 6 Late 2023"]
[White "Paravyan, David"]
[Black "Schnaider, Ilan"]
[WhiteFideId "4194985"]
[BlackFideId "169013"]
[WhiteElo "2563"]
[BlackElo "2224"]
[Result "1-0"]
[Round "2"]
[TimeControl "180+2"]
[Date "2023.06.07"]
[WhiteClock "0:00:36"]
[BlackClock "0:00:05"]
[Board "8"]

1. d4 Nf6 2. c4 g6 3. Nc3 d5 4. cxd5 Nxd5 5. e4 Nxc3 6. bxc3 Bg7 7. Bc4 c5 8. Ne2 O-O 9. O-O Nc6 10. Be3 Qc7 11. Rc1 Rd8 12. Bf4 Qa5 13. Qb3 e6 14. d5 exd5 15. Bxd5 Rd7 16. Rfd1 Qb6 17. Qa4 Rd8 18. Qc4 Rd7 19. h4 Na5 20. Qa4 Re7 21. Rb1 Qa6 22. Ng3 Bd7 23. Qa3 Bc6 24. Qxc5 Ree8 25. h5 Rac8 26. h6 Bh8 27. Bxc6 Rxc6 28. Qd5 Rxc3 29. Be5 1-0


[Site "https://www.chess.com"]

[Event "Titled Tuesday Blitz June 6 Late 2023"]
[White "Abrahamyan, Tatev"]
[Black "Lazavik, Denis"]
[WhiteFideId "13301918"]
[BlackFideId "13515110"]
[WhiteElo "2342"]
[BlackElo "2560"]
[Result "0-1"]
[Round "2"]
[TimeControl "180+2"]
[Date "2023.06.07"]
[WhiteClock "0:00:14"]
[BlackClock "0:00:15"]
[Board "9"]

1. e4 c5 2. Nf3 e6 3. d4 cxd4 4. Nxd4 Nc6 5. Nc3 Qc7 6. Be3 a6 7. a3 b5 8. f4 Bb7 9. Qf3 Nf6 10. Bd3 b4 11. axb4 Nxb4 12. O-O Be7 13. Qh3 Nxd3 14. cxd3 O-O 15. Rac1 Qb8 16. g4 Bc5 17. g5 Ne8 18. Nce2 Bb6 19. Qh4 f5 20. gxf6 Nxf6 21. Rf3 Qe8 22. Kf2 Qh5 23. Qxh5 Nxh5 24. Nb3 Bd8 25. Nc5 Bc8 26. d4 Nf6 27. Ng3 Ng4+ 28. Ke2 Nxh2 29. Rf2 Ng4 30. Rg2 d6 31. Nd3 g6 32. Rh1 Bb7 33. Bd2 Bb6 34. Bc3 a5 35. d5 exd5 36. Nh5 dxe4 37. Ne1 e3 38. Nf3 Ba6+ 39. Ke1 Nf2 40. Rhg1 Nd3+ 41. Kd1 Nxf4 42. Nxf4 Rxf4 43. Ng5 e2+ 44. Kc2 Bxg1 45. Rxg1 Rf1 0-1


[Site "https://www.chess.com"]

[Event "Titled Tuesday Blitz June 6 Late 2023"]
[White "Andreikin, Dmitry"]
[Black "Annaberdiyev, Meylis"]
[WhiteFideId "4158814"]
[BlackFideId "14000563"]
[WhiteElo "2736"]
[BlackElo "2416"]
[Result "0-1"]
[Round "2"]
[TimeControl "180+2"]
[Date "2023.06.07"]
[WhiteClock "0:00:03"]
[BlackClock "0:00:12"]
[Board "10"]

1. e4 c5 2. Nc3 Nc6 3. Nge2 g6 4. g3 Bg7 5. Bg2 d6 6. O-O e5 7. d3 Nge7 8. f4 O-O 9. h3 Be6 10. g4 exf4 11. Bxf4 d5 12. Kh1 d4 13. Nb1 Ne5 14. Nd2 N7c6 15. Ng3 c4 16. Nf3 cxd3 17. cxd3 Qb6 18. Ng5 Nb4 19. Nf5 Bxf5 20. exf5 Nbxd3 21. Bg3 Nxb2 22. Qb3 Nbc4 23. Rae1 Qxb3 24. axb3 Ne3 25. Rg1 Rfe8 26. Bxb7 Rab8 27. Bxe5 Bxe5 28. Bc6 Rec8 29. Ba4 Rc2 30. Nf3 Bf4 31. Rc1 d3 32. b4 Ra2 33. Bb3 Rb2 34. Rc3 Rxb4 35. f6 Rb8 36. Rgc1 Nc2 37. R1xc2 dxc2 38. Bxc2 h6 39. Be4 Rd8 40. Bc2 Rb6 41. Rc4 Rxf6 42. Kg2 g5 43. h4 Rb6 44. hxg5 hxg5 45. Rc5 Rbd6 46. Bf5 Rd5 47. Rc6 R5d6 48. Rc5 a6 49. Be4 Kg7 50. Nxg5 Rd2+ 51. Kf3 Bxg5 52. Rxg5+ Kf8 53. Ra5 R8d6 54. Kf4 R2d4 55. Ke5 Kg7 56. Bf5 f6# 0-1


[Site "https://www.chess.com"]

[Event "Titled Tuesday Blitz June 6 Late 2023"]
[White "Adewumi, Tanitoluwa"]
[Black "Hakobyan, Aram"]
[WhiteFideId "30966396"]
[BlackFideId "13306677"]
[WhiteElo "2617"]
[BlackElo "2584"]
[Result "0-1"]
[Round "2"]
[TimeControl "180+2"]
[Date "2023.06.07"]
[WhiteClock "0:00:02"]
[BlackClock "0:01:17"]
[Board "11"]

1. e4 g6 2. d4 Bg7 3. f4 c5 4. d5 d6 5. Nf3 Nf6 6. Nc3 O-O 7. Bd3 b5 8. Nxb5 c4 9. Bxc4 Nxe4 10. O-O Qb6+ 11. Nbd4 Ba6 12. Bxa6 Nxa6 13. c3 Nc7 14. Qe2 Nf6 15. c4 Nfxd5 16. cxd5 Bxd4+ 17. Kh1 Bf6 18. Be3 Qxb2 19. Qxb2 Bxb2 20. Rab1 Nxd5 21. Bxa7 Rxa7 22. Rxb2 Rfa8 23. Rd2 Nxf4 24. Nd4 Rxa2 25. Rxa2 Rxa2 26. g3 Nd5 27. Nc6 Rc2 28. Nd8 Ne3 29. Re1 Rc3 30. Kg1 d5 31. Kf2 d4 32. Re2 Ng4+ 33. Kg2 d3 34. Rd2 Rc2 0-1


[Site "https://www.chess.com"]

[Event "Titled Tuesday Blitz June 6 Late 2023"]
[White "Kramnik, Vladimir"]
[Black "Omranalhosani21"]
[WhiteFideId "4101588"]
[WhiteElo "2703"]
[BlackElo "2615"]
[Result "1-0"]
[Round "2"]
[TimeControl "180+2"]
[Date "2023.06.07"]
[WhiteClock "0:00:17"]
[BlackClock "0:00:02"]
[Board "12"]

1. c4 Nf6 2. Nc3 e6 3. Nf3 d5 4. e3 Be7 5. b3 O-O 6. Bb2 c5 7. cxd5 exd5 8. d4 Nc6 9. Be2 Bg4 10. dxc5 Bxf3 11. Bxf3 d4 12. exd4 Nxd4 13. Bxb7 Rb8 14. c6 Qb6 15. O-O Nxc6 16. Bxc6 Qxc6 17. Rc1 Rfd8 18. Qe2 Bf8 19. Na4 Qe4 20. Qxe4 Nxe4 21. Rfe1 Nd6 22. g3 f6 23. Kg2 Rbc8 24. Rxc8 Rxc8 25. Rc1 Re8 26. Kf3 Nb5 27. h4 h5 28. Nc3 Nd4+ 29. Kg2 Ne2 30. Rd1 Nxc3 31. Bxc3 Re2 32. Rd8 Kf7 33. Rd2 Rxd2 34. Bxd2 Ke6 35. Kf3 f5 36. Ke2 g6 37. Kd3 Kd5 38. b4 Be7 39. a4 f4 40. b5 fxg3 41. fxg3 Bd6 42. Bf4 Bc5 43. a5 Bb4 44. b6 axb6 45. axb6 Kc6 46. Ke4 Be7 47. Ke5 1-0


[Site "https://www.chess.com"]

[Event "Titled Tuesday Blitz June 6 Late 2023"]
[White "Principe, Gerson"]
[Black "Deac, Bogdan-Daniel"]
[WhiteFideId "3804550"]
[BlackFideId "1226380"]
[WhiteElo "2229"]
[BlackElo "2644"]
[Result "0-1"]
[Round "2"]
[TimeControl "180+2"]
[Date "2023.06.07"]
[WhiteClock "0:01:18"]
[BlackClock "0:01:29"]
[Board "13"]

1. Nf3 b6 2. g3 Bb7 3. Bg2 g6 4. O-O c5 5. d4 cxd4 6. Qxd4 Nf6 7. c3 Bg7 8. Qd1 O-O 9. Bg5 h6 10. Bf4 d6 11. Qc1 h5 12. Bh6 Nbd7 13. Bxg7 Kxg7 14. Nbd2 Rc8 15. Nb3 b5 16. Qd1 Nb6 17. Nbd4 a6 18. Rc1 Qd7 19. e3 Na4 20. Qe2 Bd5 21. a3 e5 22. Nc2 Bc4 23. Qd2 Bxf1 24. Bxf1 Nxb2 25. Nb4 Nc4 26. Qa2 a5 27. Nc2 Ne4 28. Nce1 a4 29. h3 Nc5 30. Nd3 Nb3 0-1


[Site "https://www.chess.com"]

[Event "Titled Tuesday Blitz June 6 Late 2023"]
[White "Bortnyk, Mykola"]
[Black "Bitoon, Richard"]
[WhiteFideId "14120836"]
[BlackFideId "5201110"]
[WhiteElo "2592"]
[BlackElo "2374"]
[Result "1-0"]
[Round "2"]
[TimeControl "180+2"]
[Date "2023.06.07"]
[WhiteClock "0:01:04"]
[BlackClock "0:00:10"]
[Board "14"]

1. e4 Nf6 2. e5 Nd5 3. d4 d6 4. c4 Nb6 5. f4 dxe5 6. fxe5 Nc6 7. Be3 Bf5 8. Nc3 e6 9. Nf3 Bb4 10. Bd3 Bg6 11. Rc1 Qd7 12. O-O Bxc3 13. bxc3 Ne7 14. Ng5 Nf5 15. Bf2 Qc6 16. Qe2 O-O 17. h4 h6 18. Nh3 a6 19. Nf4 Bh7 20. Qg4 Kh8 21. d5 exd5 22. Bxf5 Bxf5 23. Qxf5 Nxc4 24. e6 Nd6 25. Qxd5 Qxd5 26. Nxd5 fxe6 27. Nxc7 Rac8 28. Nxe6 Rf6 29. Nxg7 Rxf2 30. Rxf2 Kxg7 31. Rd1 Rc6 32. Rfd2 Ne4 33. Rd7+ Kf6 34. R1d4 Nxc3 35. R7d6+ Ke5 36. Rxc6 bxc6 37. Rc4 Ne2+ 38. Kf2 Nd4 39. g4 Kd5 40. Ra4 h5 41. gxh5 Nf5 42. Ra5+ c5 43. Rxa6 Nxh4 44. h6 Nf5 45. h7 Nd6 46. Rxd6+ Kc4 47. h8=Q 1-0


[Site "https://www.chess.com"]

[Event "Titled Tuesday Blitz June 6 Late 2023"]
[White "Piesik, Piotr"]
[Black "Narayanan.S.L"]
[WhiteFideId "1136194"]
[BlackFideId "5058422"]
[WhiteElo "2303"]
[BlackElo "2563"]
[Result "0-1"]
[Round "2"]
[TimeControl "180+2"]
[Date "2023.06.07"]
[WhiteClock "0:01:23"]
[BlackClock "0:02:29"]
[Board "15"]

1. Nf3 b5 2. e4 Bb7 3. Bxb5 Bxe4 4. O-O Nf6 5. Re1 Bb7 6. d4 e6 7. c4 Be7 8. Nc3 O-O 9. d5 c6 10. dxc6 Nxc6 11. Bf4 Rc8 12. Rc1 a6 13. Ba4 Qa5 14. Bc2 Rfd8 15. Bd6 Bxd6 16. Qxd6 Qb4 17. Qxb4 Nxb4 18. b3 Bxf3 19. gxf3 d5 20. a3 Nxc2 21. Rxc2 dxc4 22. b4 Nd5 23. Ne4 c3 24. Rec1 Rc4 25. Kf1 a5 26. bxa5 f5 27. Ng3 Ra8 28. Ke2 Rxa5 29. Kd3 Rf4 30. Ke2 Rxa3 31. Rb1 Rb4 0-1


[Site "https://www.chess.com"]

[Event "Titled Tuesday Blitz June 6 Late 2023"]
[White "Matlakov, Maxim"]
[Black "Garcia, Erick"]
[WhiteFideId "4168003"]
[BlackFideId "2058880"]
[WhiteElo "2666"]
[BlackElo "2202"]
[Result "1/2-1/2"]
[Round "2"]
[TimeControl "180+2"]
[Date "2023.06.07"]
[WhiteClock "0:00:13"]
[BlackClock "0:00:55"]
[Board "16"]

1. e4 e5 2. Nf3 Nc6 3. Bc4 Bc5 4. d3 Nf6 5. Nc3 d6 6. Na4 Bb6 7. O-O h6 8. a3 O-O 9. b4 Be6 10. Bxe6 fxe6 11. c4 Nd4 12. Nxb6 Nxf3+ 13. Qxf3 axb6 14. Qe2 Qe8 15. Be3 Qh5 16. f3 Ra4 17. Bc1 Rfa8 18. Bb2 Qg6 19. Rf2 Nh5 20. Kh1 Qg5 21. g3 Rf8 22. Rg1 Nf6 23. f4 Qg4 24. Qc2 Raa8 25. fxe5 Nh5 26. Qe2 Qh3 27. exd6 cxd6 28. b5 e5 29. Bc1 Rxf2 30. Qxf2 Rf8 31. Qe2 Nf6 32. Qf1 Qh5 33. Qf5 Qe2 34. Qf1 Qh5 35. Qf5 Qe2 36. Qf1 Qh5 1/2-1/2


[Site "https://www.chess.com"]

[Event "Titled Tuesday Blitz June 6 Late 2023"]
[White "Vlassov, Nikolai"]
[Black "Svane, Rasmus"]
[WhiteFideId "4103360"]
[BlackFideId "4657101"]
[WhiteElo "2324"]
[BlackElo "2601"]
[Result "0-1"]
[Round "2"]
[TimeControl "180+2"]
[Date "2023.06.07"]
[WhiteClock "0:00:02"]
[BlackClock "0:01:55"]
[Board "17"]

1. e4 c6 2. d4 d5 3. e5 Bf5 4. Nc3 e6 5. g4 Bg6 6. Nge2 c5 7. Be3 Nc6 8. dxc5 h5 9. Nf4 Bh7 10. Bb5 hxg4 11. Qxg4 Nh6 12. Qg2 Qc7 13. O-O-O O-O-O 14. Bxc6 Qxc6 15. Nfe2 Nf5 16. b4 b6 17. b5 Qc7 18. c6 Nxe3 19. fxe3 Qxe5 20. Qg3 Qxg3 21. hxg3 Bc5 22. Nd4 e5 23. Nf3 Bxe3+ 24. Kb2 d4 25. Ne2 f6 26. Rh4 g5 27. Rh2 Be4 0-1


[Site "https://www.chess.com"]

[Event "Titled Tuesday Blitz June 6 Late 2023"]
[White "Kamsky, Gata"]
[Black "Melian, Juan Sebastian"]
[WhiteFideId "2000024"]
[BlackFideId "3706575"]
[WhiteElo "2660"]
[BlackElo "2092"]
[Result "1-0"]
[Round "2"]
[TimeControl "180+2"]
[Date "2023.06.07"]
[WhiteClock "0:00:39"]
[BlackClock "0:00:02"]
[Board "18"]

1. d4 Nf6 2. Bf4 e6 3. e3 d5 4. Nd2 Bd6 5. c3 c5 6. Bb5+ Nc6 7. Bxc6+ bxc6 8. Bxd6 Qxd6 9. Qa4 Nd7 10. Ngf3 a5 11. O-O c4 12. Qc2 h6 13. b3 cxb3 14. axb3 Bb7 15. Ra2 O-O 16. Rfa1 Qc7 17. Ra3 Ra6 18. c4 Qb6 19. c5 Qc7 20. Qc3 Rfa8 21. e4 Qd8 22. h3 Qc7 23. e5 Bc8 24. h4 Qa7 25. h5 Qb7 26. Kh1 Qb5 27. Ra4 Qe2 28. Kg1 Qb5 29. Qe3 Nf8 30. g4 Nh7 31. Kh2 Qb8 32. Rg1 f6 33. Kh1 Ng5 34. Nh4 fxe5 35. dxe5 R8a7 36. f4 Ne4 37. Nxe4 dxe4 38. Rd4 Rd7 39. Rd6 a4 40. bxa4 Rxa4 41. g5 Qb2 42. gxh6 Ra2 43. Rg2 Qb1+ 44. Qg1 Qxg1+ 45. Kxg1 Rxg2+ 46. Kxg2 gxh6 47. Kf2 Ra7 48. Rd8+ Kf7 49. Rxc8 1-0


[Site "https://www.chess.com"]

[Event "Titled Tuesday Blitz June 6 Late 2023"]
[White "ATM622"]
[Black "Makarian, Rudik"]
[BlackFideId "44105681"]
[WhiteElo "2602"]
[BlackElo "2451"]
[Result "0-1"]
[Round "2"]
[TimeControl "180+2"]
[Date "2023.06.07"]
[WhiteClock "0:00:02"]
[BlackClock "0:00:12"]
[Board "19"]

1. d4 Nf6 2. c4 e6 3. g3 d5 4. Bg2 Bb4+ 5. Nd2 O-O 6. Qc2 Nc6 7. Nf3 a5 8. O-O a4 9. a3 Bxd2 10. Bxd2 Bd7 11. Rac1 Ne4 12. Rfd1 Re8 13. Bf4 h6 14. Ne5 Nxe5 15. dxe5 c6 16. Bxe4 dxe4 17. Qd2 Re7 18. Qd6 Qe8 19. c5 Bc8 20. Qd8 Kf8 21. Qb6 Rd7 22. Rxd7 Bxd7 23. Rd1 Qc8 24. Qb4 Be8 25. Qxe4 Kg8 26. Rd6 Qc7 27. Qd4 Qa5 28. Kg2 Qa6 29. Kf3 Qa5 30. Bd2 Qc7 31. Bb4 Qe7 32. Kg2 Kh7 33. Qd3+ Kg8 34. h4 Qc7 35. Qd2 b6 36. g4 bxc5 37. Bxc5 Qa5 38. Qxa5 Rxa5 39. Rd8 Rxc5 40. Rxe8+ Kh7 41. f4 Rc2 42. Kf3 Rxb2 43. Ra8 Rb3+ 44. Kf2 Rxa3 45. Ra7 Kg8 46. Ra8+ Kh7 47. Ra7 h5 48. f5 hxg4 49. f6 Kg6 50. h5+ Kh6 51. Rxf7 g3+ 52. Kg2 gxf6 53. Rxf6+ Kxh5 54. Rxe6 Rc3 55. Re7 a3 56. e6 Kg6 57. Rf7 Re3 58. Rc7 a2 59. Ra7 Rxe2+ 60. Kxg3 Kf6 61. Kf3 Rxe6 62. Rxa2 Re5 63. Ra6 Re6 64. Kf4 Ke7 65. Kf5 Kd7 66. Ra7+ Kd6 67. Ra8 Re1 68. Kf4 c5 69. Rc8 Kd5 70. Kf3 Kd4 71. Kf2 Re7 72. Rd8+ Kc3 73. Rc8 c4 74. Kf3 Kd3 75. Rd8+ Kc2 76. Rc8 c3 77. Kf2 Kd2 78. Rd8+ Kc1 79. Rc8 c2 80. Kf1 Rb7 81. Ke2 Kb1 82. Kd2 Rd7+ 83. Ke2 c1=Q 0-1


[Site "https://www.chess.com"]

[Event "Titled Tuesday Blitz June 6 Late 2023"]
[White "Sjugirov, Sanan"]
[Black "Cilek, Bora"]
[WhiteFideId "4189302"]
[BlackFideId "34502165"]
[WhiteElo "2569"]
[BlackElo "2108"]
[Result "1-0"]
[Round "2"]
[TimeControl "180+2"]
[Date "2023.06.07"]
[WhiteClock "0:00:27"]
[BlackClock "0:01:05"]
[Board "20"]

1. e4 c5 2. Nf3 g6 3. d4 cxd4 4. Nxd4 Bg7 5. c4 Nc6 6. Be3 Nf6 7. Nc3 O-O 8. Be2 d6 9. O-O Bd7 10. Rc1 Nxd4 11. Bxd4 Bc6 12. Qd3 a5 13. b3 Nd7 14. Bxg7 Kxg7 15. Kh1 Nc5 16. Qe3 e5 17. Rcd1 Qe7 18. Rd2 f5 19. exf5 gxf5 20. Nd5 Bxd5 21. Rxd5 f4 22. Qh3 Rad8 23. Rfd1 Rf6 24. Qh4 b6 25. g3 fxg3 26. fxg3 Ne6 27. Bd3 Kh8 28. Bxh7 Nd4 29. R1xd4 exd4 30. Bd3+ Kg8 31. Rg5+ Kf7 32. Qh5+ Ke6 33. Qg4+ 1-0


[Site "https://www.chess.com"]

[Event "Titled Tuesday Blitz June 6 Late 2023"]
[White "Taboas Rodriguez, Daniel"]
[Black "Rasulov, Vugar"]
[WhiteFideId "2208466"]
[BlackFideId "13402390"]
[WhiteElo "2365"]
[BlackElo "2509"]
[Result "0-1"]
[Round "2"]
[TimeControl "180+2"]
[Date "2023.06.07"]
[WhiteClock "0:00:08"]
[BlackClock "0:01:04"]
[Board "21"]

1. d4 Nf6 2. Nf3 d5 3. c4 e6 4. Nc3 c6 5. Bg5 h6 6. Bxf6 Qxf6 7. a3 g6 8. e4 dxe4 9. Nxe4 Qe7 10. c5 Qd8 11. Bc4 Nd7 12. O-O Nf6 13. Qe2 Nxe4 14. Qxe4 Bg7 15. Ne5 O-O 16. f4 Qc7 17. b4 a5 18. b5 cxb5 19. Bxb5 a4 20. Rab1 Rd8 21. Rb4 Ra5 22. Bxa4 Kh7 23. Bc2 Rxa3 24. h4 f5 25. Qe2 h5 26. Nf3 Bf6 27. Ng5+ Kh6 28. Rd1 Qxf4 29. Nf7+ Kg7 30. Nxd8 Bxd8 31. Bb3 Bc7 32. Rd3 Qh2+ 33. Kf2 Qxh4+ 34. g3 Qh2+ 35. Ke1 Bxg3+ 36. Kd2 Bf4+ 37. Kd1 Ra1+ 0-1


[Site "https://www.chess.com"]

[Event "Titled Tuesday Blitz June 6 Late 2023"]
[White "Kevlishvili, Robby"]
[Black "Wadsworth, Matthew J"]
[WhiteFideId "1040634"]
[BlackFideId "415804"]
[WhiteElo "2572"]
[BlackElo "2347"]
[Result "1-0"]
[Round "2"]
[TimeControl "180+2"]
[Date "2023.06.07"]
[WhiteClock "0:00:02"]
[BlackClock "0:00:02"]
[Board "22"]

1. e4 c5 2. Nf3 e6 3. d4 cxd4 4. Nxd4 Nc6 5. Nc3 Qc7 6. f4 Nxd4 7. Qxd4 b6 8. Be2 Bb7 9. Bf3 Bc5 10. Qd3 a6 11. Bd2 Rc8 12. e5 Ne7 13. Ne4 Bxe4 14. Bxe4 d5 15. Bf3 b5 16. a4 O-O 17. axb5 axb5 18. h4 Bb6 19. Bd1 Qc5 20. Qf3 Nf5 21. c3 d4 22. Bc2 dxc3 23. bxc3 Nd4 24. Bxh7+ Kxh7 25. cxd4 Qxd4 26. Rd1 Rc2 27. Bc1 Ba5+ 28. Kf1 Rf2+ 29. Kg1 Rxf3+ 30. Rxd4 Bb6 31. gxf3 Bxd4+ 32. Kg2 Rc8 33. Rd1 Rc2+ 34. Kg3 Bf2+ 35. Kg4 b4 36. h5 b3 37. Ba3 b2 38. f5 exf5+ 39. Kxf5 Bd4 40. f4 Bc3 41. Bxb2 Bxb2 42. Rd7 Rh2 43. Rxf7 Rxh5+ 44. Ke6 Kg8 45. Rb7 Rh6+ 46. Kd7 Ra6 47. Rxb2 Ra4 48. f5 Rd4+ 49. Ke7 1-0


[Site "https://www.chess.com"]

[Event "Titled Tuesday Blitz June 6 Late 2023"]
[White "Manukyan, Sargis A."]
[Black "Durarbayli, Vasif"]
[WhiteFideId "13303970"]
[BlackFideId "13402935"]
[WhiteElo "2187"]
[BlackElo "2551"]
[Result "1-0"]
[Round "2"]
[TimeControl "180+2"]
[Date "2023.06.07"]
[WhiteClock "0:00:55"]
[BlackClock "0:00:09"]
[Board "23"]

1. d4 Nf6 2. c4 e6 3. Nc3 Bb4 4. a3 Bxc3+ 5. bxc3 O-O 6. e3 c5 7. Bd3 Nc6 8. Ne2 b6 9. O-O Ba6 10. e4 d6 11. f4 Ne8 12. f5 e5 13. d5 Na5 14. f6 Nxc4 15. Qa4 Nc7 16. Bxc4 b5 17. Qd1 bxc4 18. Ng3 g6 19. Qd2 Kh8 20. Qh6 Rg8 21. Rf3 Bc8 22. Bg5 Bg4 23. Re3 Rb8 24. Rf1 Qc8 25. Nh1 Rb2 26. Nf2 Bd7 27. Qh4 Nb5 28. h3 Nxa3 29. Ng4 Rb1 30. Rxb1 Nxb1 31. Nh6 Rf8 32. Rg3 a5 33. Ng4 a4 34. Bh6 Bxg4 35. Bg7+ Kg8 36. hxg4 a3 37. Qxh7+ 1-0


[Site "https://www.chess.com"]

[Event "Titled Tuesday Blitz June 6 Late 2023"]
[White "Ibarra Jerez, Jose Carlos"]
[Black "Aldokhin, Ivan"]
[WhiteFideId "2226332"]
[BlackFideId "24115720"]
[WhiteElo "2631"]
[BlackElo "2322"]
[Result "1-0"]
[Round "2"]
[TimeControl "180+2"]
[Date "2023.06.07"]
[WhiteClock "0:00:06"]
[BlackClock "0:00:01"]
[Board "24"]

1. e4 c5 2. Nc3 e6 3. Nge2 Nc6 4. d4 cxd4 5. Nxd4 Qc7 6. g3 Nf6 7. Bf4 Qb6 8. Ndb5 e5 9. Be3 Qa5 10. Bd2 Qb6 11. Bg5 Bc5 12. Qd2 Nd4 13. Nxd4 Bxd4 14. Bxf6 Qxb2 15. Nd1 Qxa1 16. Bxg7 Rg8 17. Bf6 Rg6 18. Bh4 Rc6 19. c4 Rb6 20. Qg5 Bc3+ 21. Ke2 Qxa2+ 22. Kf3 Re6 23. Qg8# 1-0


[Site "https://www.chess.com"]

[Event "Titled Tuesday Blitz June 6 Late 2023"]
[White "ArtemDyachuk"]
[Black "Xiong, Jeffery"]
[BlackFideId "2047640"]
[WhiteElo "2569"]
[BlackElo "2726"]
[Result "0-1"]
[Round "2"]
[TimeControl "180+2"]
[Date "2023.06.07"]
[WhiteClock "0:00:01"]
[BlackClock "0:00:58"]
[Board "25"]

1. Nf3 c5 2. c4 Nf6 3. Nc3 d5 4. cxd5 Nxd5 5. g3 Nc6 6. Bg2 Nc7 7. O-O e5 8. d3 Be7 9. Nd2 Bd7 10. Nc4 f6 11. f4 b5 12. Ne3 exf4 13. gxf4 Rb8 14. a4 b4 15. Ncd5 O-O 16. Nxc7 Qxc7 17. Nd5 Qd8 18. b3 Bd6 19. Bb2 Be6 20. Nxf6+ Rxf6 21. Bxf6 Qxf6 22. Bxc6 Bxf4 23. e3 Bxe3+ 24. Kh1 Qd4 25. Qe2 Bxb3 26. Rae1 Bd5+ 27. Bxd5+ Qxd5+ 28. Rf3 Rf8 29. Rf1 Re8 30. Qg2 Qg5 31. Rg3 Qe5 32. Rgf3 b3 33. Rf5 Qd6 34. Rd5 Qe6 35. Re1 Qf7 36. Rd6 Bd4 0-1


[Site "https://www.chess.com"]

[Event "Titled Tuesday Blitz June 6 Late 2023"]
[White "Babazada, Khazar"]
[Black "Safin, Robert"]
[WhiteFideId "13413554"]
[BlackFideId "34189120"]
[WhiteElo "2369"]
[BlackElo "2341"]
[Result "1/2-1/2"]
[Round "2"]
[TimeControl "180+2"]
[Date "2023.06.07"]
[WhiteClock "0:00:36"]
[BlackClock "0:00:07"]
[Board "26"]

1. e4 e6 2. d4 d5 3. Nc3 dxe4 4. Nxe4 Nd7 5. Nf3 Ngf6 6. Bd3 Nxe4 7. Bxe4 Nf6 8. Bd3 c5 9. dxc5 Bxc5 10. O-O O-O 11. Qe2 b6 12. Rd1 Qc7 13. Bg5 Bb7 14. Bxf6 gxf6 15. Be4 Rfd8 16. Bxb7 Qxb7 17. Nd2 f5 18. Nc4 Qe4 19. Qxe4 fxe4 20. Kf1 f5 21. Ke2 Kf7 22. f3 exf3+ 23. Kxf3 Kf6 24. c3 e5 25. g4 e4+ 26. Kf4 b5 27. Ne3 Bd6+ 28. Rxd6+ Rxd6 29. gxf5 Rd2 30. Rg1 Rf2+ 31. Kxe4 Re8+ 32. Kd3 Rf3 33. Re1 Kg5 34. Kd4 Kh5 35. Re2 Rf4+ 36. Kd3 Rf3 37. b3 Rf4 38. c4 bxc4+ 39. bxc4 Rd8+ 40. Nd5 Rxf5 41. Re7 Rfxd5+ 42. cxd5 Rxd5+ 43. Kc4 Ra5 44. Kb3 Kg6 45. a4 Rh5 46. Re2 a5 47. Kc4 Kf6 48. Rb2 Ke6 49. Rb6+ Kd7 50. Rb2 Kc6 51. Rb5 Rh4+ 52. Kb3 Rxh2 53. Rxa5 Rh3+ 54. Kc4 Rh4+ 55. Kb3 Rh3+ 56. Kc2 Rh2+ 57. Kd3 Rh3+ 58. Ke4 Rh4+ 59. Kf3 Kb6 60. Rb5+ Ka6 61. Rb8 Rxa4 62. Ra8+ Kb5 63. Rxa4 Kxa4 64. Kg4 Ka3 65. Kh5 Ka2 66. Kh6 Ka1 67. Kxh7 1/2-1/2


[Site "https://www.chess.com"]